 Dungeon Crawl Stone Soup version 0.27.1-1-g398f81649c (webtiles) character file.

Game seed: 5907557556283843414

39809 MisterFreud the Blocker (level 14, -9/111 HPs)
             Began as a Gnoll Fighter on Sept 5, 2021.
             Was the Champion of Cheibriados.
             Mangled by a death yak (20 damage)
             ... on level 5 of the Lair of Beasts.
             The game lasted 00:26:36 (18506 turns).

MisterFreud the Blocker (Gnoll Fighter)            Turns: 18506, Time: 00:26:37

Health: -9/111     AC: 14    Str: 38    XL:     14   Next: 8%
Magic:  36/36      EV: 16    Int: 32    God:    Cheibriados [******]
Gold:   630        SH: 16    Dex: 26    Spells: 23/30 levels left

rFire    . . .     SeeInvis .   Q - +10 rapier of Poihih {flame, rElec Str+6}
rCold    . . .     Faith    .   c - +1 kite shield
rNeg     . . .     Spirit   .   v - +0 chain mail
rPois    .         Reflect  .   U - +3 hat of Pondering {ponderous, Will+ MP+10 Int+5}
rElec    +         Harm     .   (no cloak)
rCorr    .         Rampage  .   (no gloves)
Will     ++...                  (no boots)
Stlth    ++........             C - amulet of the acrobat
HPRegen  0.28/turn              D - +4 ring of slaying
MPRegen  0.25/turn              p - ring "Ippuar" {Wiz Fly rElec}

@: about to teleport, flying, very slow
A: fangs 1, strong nose, distributed training
a: Renounce Religion, Bend Time, Temporal Distortion, Slouch, Step From Time


You were on level 5 of the Lair of Beasts.
You worshipped Cheibriados.
Cheibriados was exalted by your worship.
You visited 2 branches of the dungeon, and saw 17 of its levels.

You collected 1186 gold pieces.
You spent 556 gold pieces at shops.

Inventory:

Hand Weapons
 l - a +5 rapier of electrocution
 Q - the +10 rapier of Poihih (weapon) {flame, rElec Str+6}
   (You bought it in a shop on level 11 of the Dungeon)

   It burns those it strikes, dealing additional fire damage.
   Str:       It affects your strength (+6).
   rElec:     It insulates you from electricity.
 R - the +6 long sword of Outrage {vorpal, rC+ rN+++ Str-3 Stlth-}
   (You found it on level 11 of the Dungeon)

   It inflicts extra damage upon your enemies.
   Str:       It affects your strength (-3).
   rC:        It protects you from cold.
   rN:        It renders you almost immune to negative energy.
   Stlth:     It makes you less stealthy.
Missiles
 f - 150 arrows
 i - 731 stones
 o - a throwing net
 q - 55 poisoned darts (quivered)
 s - 124 bolts
 t - 6 curare-tipped darts
 x - 5 boomerangs
 B - 141 sling bullets
 T - 8 atropa-tipped darts
Armour
 c - a +1 kite shield (worn)
 v - a +0 chain mail (worn)
 U - the +3 hat of Pondering (worn) {ponderous, Will+ MP+10 Int+5}
   (You took it off Gastronok on level 1 of the Lair of Beasts)

   Int:       It affects your intelligence (+5).
   MP:        It affects your magic capacity (+10).
   Will:      It increases your willpower.
Jewellery
 p - the ring "Ippuar" (right hand) {Wiz Fly rElec}
   (You found it on level 10 of the Dungeon)

   [ring of wizardry]

   It improves your spell success rate.
   rElec:     It insulates you from electricity.
   Fly:       It grants you flight.
 C - an amulet of the acrobat (around neck)
 D - a +4 ring of slaying (left hand)
 J - a ring of protection from fire
 K - an amulet of magic regeneration
 L - a ring of ice
 S - a +6 ring of intelligence
Wands
 a - a wand of paralysis (10)
 b - a wand of mindburst (24)
 r - a wand of acid (6)
 w - a wand of flame (29)
 y - a wand of iceblast (42)
 F - a wand of polymorph (9)
Scrolls
 e - 8 scrolls of teleportation
 g - a scroll of torment {unknown}
 k - 4 scrolls of amnesia
 n - 3 scrolls of enchant armour
 N - 2 scrolls of fog
 O - a scroll of vulnerability {unknown}
 P - a scroll of fear {unknown}
Potions
 d - 6 potions of might
 h - 12 potions of curing
 j - a potion of lignification
 m - 4 potions of attraction
 u - 3 potions of cancellation
 z - a potion of invisibility
 A - a potion of mutation
 E - 3 potions of ambrosia
 G - 3 potions of magic
 H - 2 potions of brilliance
 I - a potion of flight
 V - 2 potions of degeneration {unknown}
 W - a potion of heal wounds
 X - a potion of resistance
Miscellaneous
 M - a lightning rod (4/4)


   Skills:
 + Level 10.9 Fighting
 + Level 10.0 Short Blades
 + Level 8.9 Long Blades
 + Level 8.9 Axes
 + Level 8.9 Maces & Flails
 + Level 8.9 Polearms
 + Level 8.9 Staves
 + Level 8.9 Slings
 + Level 8.9 Bows
 + Level 8.9 Crossbows
 + Level 8.9 Throwing
 + Level 10.9 Armour
 + Level 8.9 Dodging
 + Level 8.9 Stealth
 + Level 10.9 Shields
 + Level 8.9 Unarmed Combat
 + Level 8.9 Spellcasting
 + Level 7.4 Conjurations
 + Level 7.4 Hexes
 + Level 7.4 Summonings
 + Level 7.4 Necromancy
 + Level 7.4 Translocations
 + Level 7.4 Transmutations
 + Level 7.4 Fire Magic
 + Level 7.4 Ice Magic
 + Level 7.4 Air Magic
 + Level 7.4 Earth Magic
 + Level 7.4 Poison Magic
 + Level 9.7 Invocations
 + Level 8.9 Evocations


You had 23 spell levels left.
You knew the following spells:

 Your Spells              Type           Power      Damage    Failure   Level
a - Lesser Beckoning      Tloc           29%        N/A       1%          3
b - Blink                 Tloc           N/A        N/A       1%          2
c - Passwall              Tmut/Erth      48%        N/A       1%          2

Your spell library contained the following spells:

 Spells                   Type           Power      Damage    Failure   Level
 Sandblast                Erth           100%       2d20      1%          1
 Slow                     Hex            58%        N/A       1%          2
 Static Discharge         Conj/Air       58%        N/A       1%          2
 Confusing Touch          Hex            58%        N/A       1%          3
 Swiftness                Air            58%        N/A       1%          3
 Vampiric Draining        Necr           29%        2d10      1%          3
 Dispel Undead            Necr           58%        3d21      3%          4
 Sticky Flame             Conj/Fire      58%        2d7       3%          4
 Lee's Rapid Deconstruct  Erth           29%        3d16*     9%          5
 Manifold Assault         Tloc           58%        N/A       9%          5
 Summon Forest            Summ/Tloc      29%        N/A       9%          5
 Summon Mana Viper        Hex/Summ       58%        N/A       9%          5
 Invisibility             Hex            29%        N/A       43%         6
 Shadow Creatures         Summ           N/A        N/A       43%         6


Dungeon Overview and Level Annotations

Branches:
Dungeon (11/15)            Temple (0/1) D:6            Lair (6/6) D:9
 Shoals (0/4) Lair:4        Snake (0/4) Lair:3        Slime (0/5) Lair:5
    Orc (0/2) D:10

Altars:
Cheibriados
Dithmenos
Elyvilon
Fedhas
Hepliaklqana
Nemelex Xobeh
Okawaru
Sif Muna
Vehumet
Zin
The Shining One
Jiyva

Shops:
D:3 *   D:6 ?   D:11 **

Annotations:
Lair:3 3 runed translucent doors, exclusion: oklob plant, ABBCCCDDDD's ghost, journeyman OpDe


Innate Abilities, Weirdness & Mutations

You have very sharp teeth.
Your uncanny sense of smell can sniff out nearby items.
Your experience applies equally to all skills.


Message History

You block the blink frog's attack. The death yak gores you!
The death yak gores you.
You hit the blink frog. You burn the blink frog. You bite the blink frog.
The blink frog is almost dead.
You block the blink frog's attack. The death yak gores you!
You impale the blink frog!! You burn the blink frog.
You kill the blink frog!
Cheibriados thoroughly appreciates the change of pace.
The blink frog blinks!
The death yak misses you.
Unknown command.
The death yak closely misses you. The death yak gores you!
You block the yak's attack.
You fly upwards.
There is a stone staircase leading down, spattered with blood here.
You barely miss the death yak. You block the death yak's attack.
The death yak gores you!!
You puncture the death yak! You burn the death yak.
The death yak is lightly wounded.
The yak misses you. You block the death yak's attack. The death yak misses you.
You hit the death yak. You burn the death yak.
The death yak is lightly wounded.
The yak gores you but does no damage.
The death yak gores you but does no damage.
The death yak gores you!
You hit the death yak but do no damage. You bite the death yak.
The death yak is lightly wounded.
You block the yak's attack.
You hit the death yak. You burn the death yak.
The death yak is moderately wounded.
The death yak gores you!
* * * LOW HITPOINT WARNING * * *
The death yak gores you but does no damage.
Unknown command.
As you read the scroll of teleportation, it crumbles to dust.
You feel strangely unstable. The yak gores you.
* * * LOW HITPOINT WARNING * * *
The death yak gores you!
* * * LOW HITPOINT WARNING * * *
The death yak gores you!!
You die...

#.....P#
####......8.....#..
##....##
###...#.#.......####.
#.....#
###P.####....##....##..
#.....##
#P#...#.....#####...#..
##.P.#.# ##.......8...#.#
#...#..
##....####......#..###..#
#....##
#....##.##..............#
##...#.
#..............YY.......##
##..#.
......P.........@........#
#....#
##...##.....P...Y.......##
#..<..
.....##.#...............#
##...#
#P....###...............#
###.#
P.P#.####....P.........##
###...
.P.....##...)..)...#.###
#..#P.
##....#..#.......#####
###.... ###......#......##
###.#....
###......##.....#
#.##.....


You could see 2 death yaks and a yak.

Vanquished Creatures
  Gastronok (Lair:1)
  Snorg (Lair:5)
  Fannar (Lair:2)
  4 hydras
  A catoblepas (Lair:5)
  A two-headed ogre (D:10)
  7 death yaks
  Pikel (D:8)
  A cyclops (D:11)
  A manticore (D:11)
  6 black mambas
  8 cane toads
  A gargoyle (D:11)
  11 komodo dragons
  2 kobold demonologists (D:11)
  2 rime drakes
  2 polar bears
  2 trolls
  A meliai (shapeshifter) (D:10)
  A hornet (D:8)
  4 blink frogs (Lair:6)
  4 dream sheep (Lair:6)
  A snapping turtle (Lair:4)
  7 wyverns
  4 basilisks
  47 yaks
  3 vampire mosquitoes (D:9)
  4 nagas (Lair:3)
  2 acid dragons
  17 water moccasins
  Duvessa (D:7)
  An ice beast (D:6)
  3 orc warriors
  A sky beast (D:7)
  A black bear (D:6)
  4 ogres
  2 necrophages
  A phantom (D:7)
  A centaur (D:10)
  6 kobold brigands
  4 lemures (D:8)
  12 bullfrogs
  2 gnoll sergeants
  A scorpion (D:7)
  A wyvern skeleton (D:7)
  Dowan (D:7)
  2 wights (D:9)
  3 electric eels
  2 howler monkeys (D:11)
  4 centaur zombies
  3 jellies
  3 hounds
  10 orc priests
  A centaur skeleton (D:5)
  A gnoll shaman (D:9)
  5 iguanas
  15 orc wizards
  Natasha (thrice) (D:3)
  A killer bee zombie (D:5)
  Robin (D:3)
  A howler monkey zombie (D:9)
  16 gnolls
  7 adders
  An ufetubus (D:7)
  4 worms
  3 dart slugs (D:4)
  30 orcs
  4 ball pythons
  7 endoplasms
  7 giant cockroaches
  10 hobgoblins
  3 jackals (D:2)
  2 quokkas (D:1)
  8 frilled lizards
  16 goblins
  28 kobolds
  3 rats
394 creatures vanquished.

Vanquished Creatures (others)
  A bullfrog (Lair:5)
  49 fungi
  40 plants
  9 withered plants
99 creatures vanquished.

Grand Total: 493 creatures vanquished

Notes
Turn   | Place    | Note
-------+----------+-------------------------------------------
     0 | D:1      | MisterFreud the Gnoll Fighter began the quest for the Orb.
     0 | D:1      | Reached XP level 1. HP: 23/23 MP: 1/1
   188 | D:1      | Reached XP level 2. HP: 29/29 MP: 2/2
   926 | D:1      | Found a faded altar of an unknown god.
   971 | D:1      | Became a worshipper of Cheibriados the Contemplative
   971 | D:1      | Reached * piety under Cheibriados
   992 | D:1      | Identified a scroll of acquirement
   992 | D:1      | Acquired a +2 rapier of electrocution
  1079 | D:2      | Reached XP level 3. HP: 35/35 MP: 3/3
  1080 | D:2      | Found a shimmering blue altar of Sif Muna.
  1160 | D:2      | Reached skill level 1 in Invocations
  1365 | D:2      | Reached skill level 1 in Long Blades
  1365 | D:2      | Reached skill level 1 in Axes
  1365 | D:2      | Reached skill level 1 in Maces & Flails
  1365 | D:2      | Reached skill level 1 in Polearms
  1365 | D:2      | Reached skill level 1 in Staves
  1365 | D:2      | Reached skill level 1 in Slings
  1365 | D:2      | Reached skill level 1 in Bows
  1365 | D:2      | Reached skill level 1 in Crossbows
  1365 | D:2      | Reached skill level 1 in Throwing
  1365 | D:2      | Reached skill level 1 in Dodging
  1365 | D:2      | Reached skill level 1 in Stealth
  1365 | D:2      | Reached skill level 1 in Unarmed Combat
  1365 | D:2      | Reached skill level 1 in Spellcasting
  1365 | D:2      | Reached skill level 1 in Evocations
  1425 | D:2      | Reached XP level 4. HP: 25/41 MP: 5/5
  2134 | D:3      | Noticed Robin
  2182 | D:3      | Noticed Natasha
  2195 | D:3      | Killed Natasha
  2196 | D:3      | Reached skill level 1 in Conjurations
  2196 | D:3      | Reached skill level 1 in Hexes
  2196 | D:3      | Reached skill level 1 in Summonings
  2196 | D:3      | Reached skill level 1 in Necromancy
  2196 | D:3      | Reached skill level 1 in Translocations
  2196 | D:3      | Reached skill level 1 in Transmutations
  2196 | D:3      | Reached skill level 1 in Fire Magic
  2196 | D:3      | Reached skill level 1 in Ice Magic
  2196 | D:3      | Reached skill level 1 in Air Magic
  2196 | D:3      | Reached skill level 1 in Earth Magic
  2196 | D:3      | Reached skill level 1 in Poison Magic
  2199 | D:3      | Reached ** piety under Cheibriados
  2209 | D:3      | Reached XP level 5. HP: 42/47 MP: 6/6
  2216 | D:3      | Killed Robin
  2347 | D:3      | Noticed Natasha
  2355 | D:3      | Killed Natasha
  2722 | D:3      | Found Dupeer's Assorted Antiques.
  2731 | D:3      | Bought a scroll labelled KASSONW HUDOL for 31 gold pieces
  2731 | D:3      | Bought a fizzy black potion for 27 gold pieces
  2791 | D:3      | Noticed Natasha
  2797 | D:3      | Killed Natasha
  3106 | D:4      | Noticed a water moccasin
  3118 | D:4      | Killed a water moccasin
  3119 | D:4      | Reached skill level 5 in Short Blades
  3119 | D:4      | Reached XP level 6. HP: 47/53 MP: 8/8
  3224 | D:4      | Reached XP level 7. HP: 24/59 MP: 10/10
  3225 | D:4      | Reached *** piety under Cheibriados
  3728 | D:4      | You fall into a shaft and drop 3 floors!
  4004 | D:7      | Found a blossoming altar of Fedhas.
  4051 | D:7      | Reached XP level 8. HP: 48/67 MP: 12/12
  4088 | D:7      | Found a radiant altar of Vehumet.
  4115 | D:7      | Reached **** piety under Cheibriados
  4367 | D:5      | Entered Level 5 of the Dungeon
  5000 | D:5      | Reached XP level 9. HP: 72/72 MP: 14/14
  5516 | D:6      | Paralysed by an orc priest for 7 turns
  5688 | D:6      | Found Weso's Magic Scroll Emporium.
  5694 | D:6      | Bought a scroll of teleportation for 36 gold pieces
  5694 | D:6      | Bought a scroll of identify for 24 gold pieces
  5705 | D:6      | Found a staircase to the Ecumenical Temple.
  6151 | D:6      | Reached ***** piety under Cheibriados
  6164 | D:6      | Found a glowing golden altar of the Shining One.
  6429 | D:7      | Reached skill level 5 in Invocations
  6548 | D:7      | Found a white marble altar of Elyvilon.
  6624 | D:7      | Noticed Dowan
  6626 | D:7      | Noticed Duvessa
  6633 | D:7      | Killed Dowan
  6641 | D:7      | Killed Duvessa
  6805 | D:7      | Found a sparkling altar of Nemelex Xobeh.
  7386 | D:8      | Reached XP level 10. HP: 75/80 MP: 17/17
  7432 | D:8      | Paralysed by a hornet for 3 turns
  7534 | D:8      | Learned a level 3 spell: Lesser Beckoning
  7584 | D:8      | Noticed Pikel
  7595 | D:8      | Killed Pikel
  7596 | D:8      | Reached skill level 5 in Long Blades
  7596 | D:8      | Reached skill level 5 in Axes
  7596 | D:8      | Reached skill level 5 in Maces & Flails
  7596 | D:8      | Reached skill level 5 in Polearms
  7596 | D:8      | Reached skill level 5 in Staves
  7596 | D:8      | Reached skill level 5 in Slings
  7596 | D:8      | Reached skill level 5 in Bows
  7596 | D:8      | Reached skill level 5 in Crossbows
  7596 | D:8      | Reached skill level 5 in Throwing
  7596 | D:8      | Reached skill level 5 in Dodging
  7596 | D:8      | Reached skill level 5 in Stealth
  7596 | D:8      | Reached skill level 5 in Unarmed Combat
  7596 | D:8      | Reached skill level 5 in Spellcasting
  7596 | D:8      | Reached skill level 5 in Evocations
  8722 | D:9      | Found a staircase to the Lair.
  8915 | D:9      | Found a shadowy altar of Dithmenos.
  8923 | D:9      | Found an iron altar of Okawaru.
  9051 | D:9      | Found a glowing silver altar of Zin.
  9148 | D:10     | Entered Level 10 of the Dungeon
  9158 | D:10     | Identified the ring "Ippuar" {Wiz Fly rElec}
  9174 | D:10     | Found a staircase to the Orcish Mines.
  9349 | D:10     | Found a hazy altar of Hepliaklqana.
  9369 | D:10     | Reached XP level 11. HP: 78/87 MP: 19/19
  9439 | D:10     | Reached ****** piety under Cheibriados
  9581 | D:10     | Reached skill level 5 in Conjurations
  9581 | D:10     | Reached skill level 5 in Hexes
  9581 | D:10     | Reached skill level 5 in Summonings
  9581 | D:10     | Reached skill level 5 in Necromancy
  9581 | D:10     | Reached skill level 5 in Translocations
  9581 | D:10     | Reached skill level 5 in Transmutations
  9581 | D:10     | Reached skill level 5 in Fire Magic
  9581 | D:10     | Reached skill level 5 in Ice Magic
  9581 | D:10     | Reached skill level 5 in Air Magic
  9581 | D:10     | Reached skill level 5 in Earth Magic
  9581 | D:10     | Reached skill level 5 in Poison Magic
 10130 | D:10     | Noticed a two-headed ogre
 10133 | D:10     | Killed a two-headed ogre
 10459 | D:11     | Noticed a manticore
 10472 | D:11     | Killed a manticore
 10793 | D:11     | Noticed a cyclops
 10801 | D:11     | Killed a cyclops
 10936 | D:11     | Noticed a sixfirhy
 11104 | D:11     | Found Wuum Waj's Assorted Antiques.
 11112 | D:11     | Bought a scroll of teleportation for 63 gold pieces
 11112 | D:11     | Bought a scroll of teleportation for 63 gold pieces
 11112 | D:11     | Bought a steaming rapier for 189 gold pieces
 11112 | D:11     | Identified the +10 rapier of Poihih {flame, rElec Str+6}
                  | (You bought it in a shop on level 11 of the Dungeon)
 11163 | D:11     | Identified the +6 long sword of Outrage {vorpal, rC+ rN+++
                  | Str-3 Stlth-}
 11367 | D:11     | Found Amoejol's General Store.
 11373 | D:11     | Bought a scroll of blinking for 97 gold pieces
 11373 | D:11     | Bought a scroll of fog for 26 gold pieces
 11731 | Lair:1   | Entered Level 1 of the Lair of Beasts
 11835 | Lair:1   | Noticed Gastronok
 11850 | Lair:1   | Killed Gastronok
 11851 | Lair:1   | Reached XP level 12. HP: 28/96 MP: 22/22
 12884 | Lair:2   | Noticed Fannar
 12897 | Lair:2   | Killed Fannar
 13220 | Lair:2   | Noticed a seven-headed hydra
 13226 | Lair:2   | Killed a seven-headed hydra
 13576 | Lair:2   | Noticed a death yak
 13576 | Lair:2   | Noticed a death yak
 13576 | Lair:2   | Noticed a death yak
 13576 | Lair:2   | Noticed a death yak
 13578 | Lair:2   | Noticed a death yak
 13583 | Lair:2   | Noticed a death yak
 13598 | Lair:2   | Killed a death yak
 13604 | Lair:2   | Killed a death yak
 13605 | Lair:2   | Reached skill level 10 in Fighting
 13605 | Lair:2   | Reached skill level 10 in Armour
 13605 | Lair:2   | Reached skill level 10 in Shields
 13609 | Lair:2   | Killed a death yak
 13615 | Lair:2   | Killed a death yak
 14237 | Lair:2   | Killed a death yak
 14243 | Lair:2   | Killed a death yak
 14449 | Lair:3   | Reached XP level 13. HP: 103/103 MP: 24/24
 14666 | Lair:3   | Found a runed translucent gate.
 14666 | Lair:3   | Found a runed translucent gate.
 14666 | Lair:3   | Found a runed translucent gate.
 14667 | Lair:3   | Noticed a quicksilver ooze
 14667 | Lair:3   | Noticed ABBCCCDDDD's ghost (journeyman OpDe)
 14668 | Lair:3   | Found a viscous altar of Jiyva.
 15268 | Lair:3   | Found a staircase to the Snake Pit.
 16244 | Lair:4   | Learned a level 2 spell: Blink
 16247 | Lair:4   | Learned a level 2 spell: Passwall
 16516 | Lair:4   | Found a staircase to the Shoals.
 16611 | Lair:5   | Found a staircase to the Slime Pits.
 17457 | Lair:5   | Noticed Snorg
 17464 | Lair:5   | Killed Snorg
 17819 | Lair:6   | Entered Level 6 of the Lair of Beasts
 18005 | Lair:6   | Reached XP level 14. HP: 48/111 MP: 25/26
 18273 | Lair:6   | Reached skill level 10 in Short Blades
 18506 | Lair:5   | Mangled by a death yak

Illustrated notes

Levels and vault maps discovered:
D:1:      heliophobic_arrival_henge, layout_basic,
          shapermc_ecumenical_altar_flowoftime, minmay_liquid_box
D:2:      layout_basic, basic_altar
D:3:      layout_loops_ring, serial_shops, nicolae_shop_behind_doors,
          moated_statue, uniq_robin, uniq_natasha
D:4:      layout_rooms, minivault_25
D:5:      layout_cave_pods
D:6:      layout_cave_pools, marbit_many_paths, minmay_temple_entry_mist,
          serial_shops, shop, hangedman_abyss_or_decor_stabs, grunt_ministairs_4
D:7:      layout_gridville, nemelex_dance_club_becter,
          nicolae_elyvilon_temple_path, vehumet_altar_wand_db, fedhas_altar_4,
          eino_small_chamber_without_monster, uniq_duvessa
D:8:      layout_loops_cross, uniq_pikel
D:9:      layout_rooms, mainiacjoe_overflow_large_starburst,
          nicolae_overflow_hidden_temple, dpeg_oklobed_lair, serial_undead,
          serial_undead_e, serial_undead_c, serial_undead_e, serial_undead_c,
          serial_undead_b, nrook_campfire
D:10:     layout_loops_corners, mainiacjoe_overflow_tiny_flanked, orc_0_dummy
D:11:     layout_basic, serial_shops, nicolae_square_shop, shop_coins
Lair:1:   layout_chaotic_city, uniq_gastronok
Lair:2:   layout_regular_city, minivault_11, uniq_fannar
Lair:3:   layout_concentric_octagons, minmay_snake_entry_guardpost_small,
          serial_rivers, chequers_serial_rivers_small_b,
          chequers_serial_rivers_micro_b, chequers_serial_rivers_room_b,
          chequers_serial_rivers_small_a, chequers_serial_rivers_small_a,
          chequers_serial_rivers_large_a, gammafunk_ghost_ooze
Lair:4:   layout_loops_ring, minmay_shoals_entry_hut, grunt_megastairs_5
Lair:5:   layout_concentric_octagons, nicolae_slime_entry_slimehenge,
          serial_bayou_shore_a, grunt_megastairs_4, lemuel_fruit_tree,
          uniq_snorg
Lair:6:   grunt_lair_end_beastmaster, layout_loops_ring, st_stairs_11

Skill      XL: |  1  2  3  4  5  6  7  8  9 10 11 12 13 14 |
---------------+-------------------------------------------+-----
Invocations    | 1 2 3 4 5 6 7 8 9 |  9.7
Long Blades    | 1 2 3 4 5 6 7 8 |  8.9
Axes           | 1 2 3 4 5 6 7 8 |  8.9
Maces & Flails | 1 2 3 4 5 6 7 8 |  8.9
Polearms       | 1 2 3 4 5 6 7 8 |  8.9
Staves         | 1 2 3 4 5 6 7 8 |  8.9
Slings         | 1 2 3 4 5 6 7 8 |  8.9
Bows           | 1 2 3 4 5 6 7 8 |  8.9
Crossbows      | 1 2 3 4 5 6 7 8 |  8.9
Throwing       | 1 2 3 4 5 6 7 8 |  8.9
Dodging        | 1 2 3 4 5 6 7 8 |  8.9
Stealth        | 1 2 3 4 5 6 7 8 |  8.9
Unarmed Combat | 1 2 3 4 5 6 7 8 |  8.9
Spellcasting   | 1 2 3 4 5 6 7 8 |  8.9
Evocations     | 1 2 3 4 5 6 7 8 |  8.9
Conjurations   | 1 2 3 4 5 6 7 |  7.4
Hexes          | 1 2 3 4 5 6 7 |  7.4
Summonings     | 1 2 3 4 5 6 7 |  7.4
Necromancy     | 1 2 3 4 5 6 7 |  7.4
Translocations | 1 2 3 4 5 6 7 |  7.4
Transmutations | 1 2 3 4 5 6 7 |  7.4
Fire Magic     | 1 2 3 4 5 6 7 |  7.4
Ice Magic      | 1 2 3 4 5 6 7 |  7.4
Air Magic      | 1 2 3 4 5 6 7 |  7.4
Earth Magic    | 1 2 3 4 5 6 7 |  7.4
Poison Magic   | 1 2 3 4 5 6 7 |  7.4
Short Blades   | 5 6 7 8 9 10 | 10.0
Fighting       | 7 8 9 10 | 10.9
Armour         | 7 8 9 10 | 10.9
Shields        | 7 8 9 10 | 10.9

Action                   |  1- 3 |  4- 6 |  7- 9 | 10-12 | 13-15 || total
-------------------------+-------+-------+-------+-------+-------++-------
Melee: Rapier            |   106 |   103 |   279 |   379 |   249 ||  1116
       Bite              |    11 |    13 |    51 |    84 |    45 ||   204
Throw: Stone             |       |     3 |       |       |       ||     3
       Dart              |       |       |     1 |     9 |     1 ||    11
Invok: Slouch            |       |       |       |       |     2 ||     2
Evoke: Wand              |       |       |       |     2 |     2 ||     4
  Use: Scroll            |     4 |     3 |     3 |    15 |     3 ||    28
       Potion            |       |     1 |     2 |     1 |       ||     4
 Stab: Sleeping          |       |       |       |       |     3 ||     3
       Petrified         |       |       |       |       |     1 ||     1
Armor: Scale mail        |    35 |    20 |       |       |       ||    55
       Chain mail        |       |    16 |    80 |    95 |    43 ||   234
       Skin              |       |       |     6 |       |       ||     6
Dodge: Dodged            |    22 |    22 |    69 |   157 |   159 ||   429
Block: Kite shield       |    46 |    62 |   178 |   281 |   203 ||   770
